 Dungeon Crawl Stone Soup version 0.30-a0-800-g7c544603b3 (webtiles) character file.

Game seed: 15892197394425678950

590 xian the Caller (level 7, -17/48 (49) HPs)
             Began as a Demonspawn Summoner on Feb 20, 2023.
             Was an Initiate of Hepliaklqana.
             Demolished by an ice beast (18 damage)
             ... on level 4 of the Dungeon on Feb 21, 2023.
             The game lasted 00:16:10 (3175 turns).

xian the Caller (Demonspawn Summoner)               Turns: 3175, Time: 00:16:11

HP:   -17/48 (49)   AC:  5    Str:  9    XL:     7   Next: 15%
MP:   0/13          EV: 10    Int: 18    God:    Hepliaklqana [......]
Gold: 172           SH:  5    Dex: 13    Spells: 4/13 levels left

rFire   + . .      SeeInvis .    t - +0 war axe
rCold   x . .      Faith    .    (no shield)
rNeg    . . .      Spirit   +    A - +0 ring mail {rPois}
rPois   +          Reflect  +    (no helmet)
rElec   .          Harm     .    (no cloak)
rCorr   .          Rampage  .    (no gloves)
Will    .....                    (no boots)
Stlth   +                        k - amulet of reflection
HPRegen 0.28/turn                y - ring of fire
MPRegen 0.26/turn                (no ring)

@: lightly drained
A: magic shield, magic regeneration, magic link, demonic touch 1, hooves 1, high
MP 1
a: Renounce Religion


You were on level 4 of the Dungeon.
You worshipped Hepliaklqana.
Hepliaklqana was noncommittal.
You visited 2 branches of the dungeon, and saw 5 of its levels.

You collected 172 gold pieces.

Inventory:

Hand Weapons
 t - a +0 war axe (weapon)
Missiles
 c - 6 poisoned darts
 B - 2 throwing nets
Armour
 d - a +0 leather armour
 p - a +10 plate armour of ponderousness
 w - a +2 pair of gloves
 A - a +0 ring mail of poison resistance (worn)
Jewellery
 k - an amulet of reflection (around neck)
 l - an amulet of faith
 y - a ring of fire (left hand)
Wands
 n - a wand of charming (5)
 C - a wand of roots (5)
Scrolls
 e - a scroll of enchant weapon {unknown}
 f - 5 scrolls of identify {unknown}
 g - a scroll of immolation {unknown}
 i - a scroll of fear {unknown}
 m - a scroll of vulnerability {unknown}
 o - 2 scrolls of enchant armour {unknown}
 q - a scroll of brand weapon {unknown}
 r - a scroll of acquirement {unknown}
 x - 2 scrolls of poison {unknown}
 D - a scroll of blinking {unknown}
Potions
 a - 2 potions of lignification {unknown}
 b - a potion of magic
 h - 2 potions of flight {unknown}
 j - a potion of mutation
 s - 2 potions of attraction {unknown}
 u - 3 potions of curing
 v - 2 potions of brilliance {unknown}
 z - a potion of degeneration {unknown}
 E - a potion of ambrosia {unknown}


   Skills:
 + Level 1.6 Fighting
 + Level 1.8(2.0) Axes
 + Level 0.8(1.4) Maces & Flails
 + Level 2.7 Armour
 + Level 2.1 Dodging
 + Level 2.2 Stealth
 + Level 0.2 Shields
 + Level 3.7 Spellcasting
 + Level 0.1 Hexes
 + Level 5.9 Summonings


You had 4 spell levels left.
You knew the following spells:

 Your Spells              Type           Power      Damage    Failure   Level
a - Summon Small Mammal   Summ           96%        N/A       3%          1
b - Call Imp              Summ           24%        N/A       5%          2
c - Call Canine Familiar  Summ           24%        N/A       11%         3
d - Summon Guardian Gole  Hex/Summ       14%        N/A       34%         3

Your spell library contained the following spells:

 Spells                   Type           Power      Damage    Failure   Level
 Kiss of Death            Conj/Necr      12%        2d6       38%         1
 Ensorcelled Hibernation  Hex/Ice        6%         N/A       52%         2
 Passwall                 Tmut/Erth      2%         N/A       52%         2
 Confusing Touch          Hex            3%         N/A       75%         3
 Swiftness                Air            3%         N/A       77%         3
 Summon Lightning Spire   Summ/Air       14%        N/A       77%         4
 Dispel Undead            Necr           3%         3d7       99%         4


Dungeon Overview and Level Annotations

Branches:
Dungeon (4/15)             Temple (1/1) D:4

Altars:
Cheibriados
Dithmenos
Fedhas
Hepliaklqana
Makhleb
Nemelex Xobeh
Okawaru
Qazlal
Ru
Sif Muna
Trog
Uskayaw
Wu Jian
Xom
Yredelemnul

Shops:
D:2 =


Innate Abilities, Weirdness & Mutations

When hurt, damage is shared between your health and your magic reserves.
You regenerate magic rapidly.
When low on magic, you restore magic in place of health.
Your touch may inflict minor irresistible damage on your foes.
You have large cloven feet.
You have an increased reservoir of magic. (+10% MP)


Message History

The ice beast hits you but does no damage.
Your hound barely misses the ice beast.
You hit the ice beast but do no damage. Your kick misses the ice beast.
You hit the quokka but do no damage. The quokka closely misses you.
Your hound bites the ice beast but does no damage.
The ice beast hits you. The ice beast freezes you!
You feel a terrible chill! The quokka barely misses you.
You block the ice beast's attack.
Unknown command.
You closely miss the ice beast. Your kick misses the ice beast.
You closely miss the quokka.
Your hound bites the ice beast but does no damage.
You block the quokka's attack.
Your crimson imp blinks!
The ice beast hits you. The ice beast freezes you!!
You feel a terrible chill!
Your hound bites the ice beast but does no damage.
You block the quokka's attack.
Unknown command.
Casting: Call Canine Familiar (dangerous; 11% risk of failure)
Confirm with . or Enter, or press ? or * to list all spells.
A beastly little devil appears in a puff of flame.
Your hound bites the ice beast but does no damage.
The ice beast hits you. The ice beast freezes you!
You feel a terrible chill!
* * * LOW HITPOINT WARNING * * *
The quokka bites you but does no damage.
Casting: Call Imp (safe; 5% risk of failure)
Confirm with . or Enter, or press ? or * to list all spells.
You don't have enough magic to cast this spell.
The quokka attacks as you move away!
The quokka bites you but does no damage.
Your hound completely misses the ice beast.
The quokka bites your hound.
Your hound completely misses the quokka.
The ice beast attacks as you move away! The ice beast closely misses you.
Your hound misses the quokka. The quokka barely misses your hound.
The quokka barely misses something.
The ice beast closely misses you.
Your crimson imp hits the ice beast.
The ice beast attacks as you move away! The ice beast hits you.
* * * LOW HITPOINT WARNING * * *
The ice beast freezes you!!
You feel a terrible chill!
You die...

###### #..... # #...#
#####.# #.###.#.
#.@...# #...5...
#Y#############.###
#5h............<...
#r.###########.#.##
#....................
#..#.######.........#
#....# #########.#
...#### #.# .### #.#


You could see an ice beast (ally target), a quokka and a friendly crimson imp
(summoned).

Vanquished Creatures
  An ogre (D:4)
  A scorpion (D:4)
  2 necrophages (D:4)
  Ijyb (D:4)
  An orc wizard (D:3)
  A gnoll (D:4)
  2 adders (D:2)
  A worm (D:4)
  4 dart slugs
  9 orcs
  A ball python (D:4)
  2 endoplasms
  A giant cockroach (D:4)
  2 goblins
  A hobgoblin (D:1)
  A jackal (D:2)
  4 kobolds
  2 quokkas
  A bat (D:3)
  2 frilled lizards
  2 rats
42 creatures vanquished.

Vanquished Creatures (collateral kills)
  A gnoll bouda (D:4)
  An orc priest (D:4)
  2 gnolls (D:4)
  5 adders
  2 worms (D:3)
  3 dart slugs
  6 orcs
  4 endoplasms
  2 giant cockroaches
  5 goblins
  A hobgoblin (D:2)
  3 jackals (D:2)
  5 kobolds
  A quokka (D:4)
  2 ball pythons
  A bat (D:2)
  4 frilled lizards
  5 rats
53 creatures vanquished.

Grand Total: 95 creatures vanquished

Notes
Turn   | Place    | Note
-------+----------+-------------------------------------------
     0 | D:1      | xian the Demonspawn Summoner began the quest for the Orb.
     0 | D:1      | Reached XP level 1. HP: 13/13 MP: 3/3
   165 | D:1      | Gained mutation: You regenerate magic rapidly. [demonic
                  | ancestry]
   165 | D:1      | Reached XP level 2. HP: 11/19 MP: 1/5
   412 | D:1      | Learned a level 2 spell: Call Imp
  1048 | D:2      | Gained mutation: When hurt, damage is shared between your
                  | health and your magic reserves. [demonic ancestry]
  1048 | D:2      | Reached XP level 3. HP: 5/24 MP: 3/6
  1050 | D:2      | Gained mutation: You have an increased reservoir of magic.
                  | (+10% MP) [potion of mutation]
  1050 | D:2      | Gained mutation: You have large cloven feet. [potion of
                  | mutation]
  1250 | D:2      | Reached skill level 1 in Armour
  1256 | D:2      | Learned a level 3 spell: Call Canine Familiar
  1274 | D:2      | Gained mutation: When low on magic, you restore magic in
                  | place of health. [demonic ancestry]
  1274 | D:2      | Reached XP level 4. HP: 27/30 MP: 4/8
  1274 | D:2      | Found Kirchi's Jewellery Shop.
  1326 | D:2      | Found a faded altar of an unknown god.
  1483 | D:2      | Upgraded the game from 0.30-a0-793-g160f7cfddd to
                  | 0.30-a0-800-g7c544603b3
  2037 | D:3      | Gained mutation: Your touch may inflict minor irresistible
                  | damage on your foes. [demonic ancestry]
  2037 | D:3      | Reached XP level 5. HP: 32/36 MP: 8/10
  2468 | D:4      | Reached skill level 5 in Summonings
  2471 | D:4      | Noticed an ogre
  2472 | D:4      | Found a staircase to the Ecumenical Temple.
  2472 | D:4      | Noticed Ijyb
  2495 | D:3      | Learned a level 3 spell: Summon Guardian Golem
  2526 | D:4      | Killed an ogre
  2527 | D:4      | Reached skill level 1 in Fighting
  2527 | D:4      | Reached skill level 1 in Axes
  2527 | D:4      | Reached XP level 6. HP: 23/43 MP: 11/11
  2628 | Temple   | Entered the Ecumenical Temple
  2801 | Temple   | Became a worshipper of Hepliaklqana the Forgotten
  2870 | D:4      | Killed Ijyb
  3057 | D:4      | Reached XP level 7. HP: 37/48 MP: 11/13
  3175 | D:4      | HP: 1/48 [ice beast (4)]
  3175 | D:4      | Demolished by an ice beast

Illustrated notes

Levels and vault maps discovered:
D:1:      nzn_arrival_crosshair, layout_loops_corners
D:2:      layout_rooms, serial_shops, shop_statue,
          shapermc_ecumenical_altar_starsandcircs, grunt_ministairs_13,
          kennysheep_generic_room_3
D:3:      layout_rooms
D:4:      layout_basic, minmay_temple_entry_waves, serial_shops,
          nicolae_shop_stone, uniq_grinder, uniq_ijyb
Temple:   bh_familiar_temple

Skill      XL: |  1  2  3  4  5 |
---------------+----------------+-----
Stealth        | 2 |  2.2
Armour         | 1 2 |  2.7
Dodging        | 2 |  2.1
Summonings     | 5 |  5.9
Fighting       | 1 |  1.6
Axes           | 1 |  1.8
Spellcasting   | 3 |  3.7
Maces & Flails | |  0.8
Shields        | |  0.2
Hexes          | |  0.1

Action                     |  1- 3 |  4- 6 |  7- 9 || total
---------------------------+-------+-------+-------++-------
  Melee: Club              |    58 |    30 |       ||    88
         Unarmed           |     4 |       |       ||     4
         Kick              |     6 |    13 |     6 ||    25
         War axe           |       |    49 |    12 ||    61
         Touch             |       |     7 |       ||     7
         Punch             |       |     1 |       ||     1
   Cast: Summon Small Mamm |    25 |     8 |       ||    33
         Call Imp          |     8 |    15 |     2 ||    25
         Call Canine Famil |     1 |    21 |     2 ||    24
         Summon Guardian G |       |     1 |       ||     1
    Use: Potion            |     2 |       |       ||     2
   Stab: Sleeping          |     3 |       |       ||     3
         Distracted        |       |     2 |       ||     2
 Armour: Leather armour    |    19 |    11 |       ||    30
         Robe              |     2 |       |       ||     2
         Ring mail         |       |     9 |     5 ||    14
  Dodge: Dodged            |    49 |    61 |    11 ||   121
  Block: Other             |     4 |    22 |     7 ||    33
         Reflection        |       |     4 |       ||     4

Table legend: (Time is in decaauts)
 A = Elapsed time spent in this place.
 B = Non-inter-level travel time spent in this place.
 C = Inter-level travel time spent in this place.
 D = Time resting spent in this place.
 E = Time spent auto-exploring this place.
 F = Levels seen in this place.
 G = Mean time per level.
                   A        B        C        D        E       F      G
               +--------+--------+--------+--------+--------+-----+--------+
         Total |   3225 |   3117 |    108 |     53 |   1490 |   5 |  645.0 |
       Dungeon |   3031 |   2942 |     89 |     53 |   1336 |   4 |  757.8 |
        Temple |    194 |    175 |     19 |      0 |    154 |   1 |  194.0 |
               +--------+--------+--------+--------+--------+-----+--------+

Top non-repeatable levels by time:
     D:1: 1041 daAuts
     D:3: 760 daAuts
     D:2: 689 daAuts
     D:4: 539 daAuts
  Temple: 194 daAuts
